 Dungeon Crawl Stone Soup version 0.24-a0-378-g94936e5 (webtiles) character file.

Game seed: 14007615349684754925

9180 r3xj the Cleaver (level 11, -4/150 (151) HPs)
             Began as a Minotaur Berserker on June 2, 2019.
             Was a High Priest of Trog.
             Slain by a troll (10 damage)
             ... on level 10 of the Dungeon on June 3, 2019.
             The game lasted 00:21:57 (8716 turns).

r3xj the Cleaver (Minotaur Berserker)               Turns: 8716, Time: 00:21:57

HP:   -4/150 (151)  AC: 16    Str: 32    XL:     11   Next: 19%
MP:   10/10         EV: 13    Int:  4    God:    Trog [*****.]
Gold: 540           SH:  0    Dex: 12    Spells: 10/10 levels left

rFire    . . .     SeeInvis .   L - +4 battleaxe
rCold    . . .     Gourm    .   (shield currently unavailable)
rNeg     . . .     Faith    .   x - +0 plate armour
rPois    +         Spirit   .   (helmet restricted)
rElec    .         Reflect  .   D - +0 cloak
rCorr    .         Harm     .   (no gloves)
MR       .....                  (no boots)
Stlth    ..........             (no amulet)
HPRegen  0.35/turn              F - +4 ring of strength
MPRegen  0.12/turn              K - ring of poison resistance

@: berserking, very quick
A: retaliatory headbutt, horns 2
a: Berserk, Trog's Hand, Brothers in Arms, Renounce Religion


You were on level 10 of the Dungeon.
You worshipped Trog.
Trog was extremely pleased with you.
You were hungry.

You visited 1 branch of the dungeon, and saw 10 of its levels.

You collected 540 gold pieces.

Inventory:

Hand Weapons
 a - a +0 hand axe
 z - a +0 war axe
 L - a +4 battleaxe (weapon)
Armour
 b - a +0 animal skin
 m - a scarf of cloud immunity
 n - a +0 ring mail
 x - a +0 plate armour (worn)
 y - a +2 buckler
 D - a +0 cloak (worn)
Jewellery
 B - an uncursed ring of protection from cold
 F - a +4 ring of strength (left hand)
 K - a ring of poison resistance (right hand)
Wands
 e - a wand of polymorph (8)
 p - a wand of digging (9)
 u - a wand of flame (18)
 I - a wand of paralysis (9)
 J - a wand of disintegration (8)
Scrolls
 d - a scroll of fear
 g - a scroll of enchant weapon
 h - 7 scrolls of identify
 i - a scroll of fog
 l - 6 scrolls of teleportation
 t - a scroll of blinking {unknown}
 H - a scroll of noise {unknown}
 M - a scroll of magic mapping {unknown}
Potions
 f - a potion of agility {unknown}
 j - 3 potions of haste {unknown}
 k - 8 potions of curing {unknown}
 o - a potion of lignification {unknown}
 r - a potion of flight {unknown}
 s - a potion of resistance {unknown}
 w - a potion of mutation {unknown}
 A - 4 potions of might {unknown}
 G - 3 potions of degeneration {unknown}
Comestibles
 c - 6 rations
 q - 6 chunks of flesh


   Skills:
 + Level 10.7 Fighting
 + Level 10.8 Axes
 + Level 10.4 Armour
 + Level 9.6 Dodging
 + Level 4.8 Shields


You had 10 spell levels left.
You didn't know any spells.
Your spell library was empty.

Dungeon Overview and Level Annotations

Branches:
Dungeon (10/15)            Temple (0/1) D:6            Lair (0/6) D:10
    Orc: D:9-12

Altars:
Dithmenos
Qazlal
Wu Jian
Zin
The Shining One

Shops:
D:7 %   D:8 :

Annotations:
D:4 1 runed translucent door
D:10 2 runed translucent doors


Innate Abilities, Weirdness & Mutations

You reflexively headbutt those who attack you in melee.
You have a pair of horns on your head.


Message History

You kill the kobold!
Trog accepts your kill. The yak gores you!
* * * LOW HITPOINT WARNING * * *
The crocodile bites you.
* * * LOW HITPOINT WARNING * * *
You slash the troll! Your headbutt misses the troll.
The troll is almost dead.
You closely miss the crocodile. You slash the yak! The troll bites you!
* * * LOW HITPOINT WARNING * * *
The troll claws you.
* * * LOW HITPOINT WARNING * * *
The troll barely misses you. The yak gores you but does no damage.
Your plate armour prevents you from hitting the troll.
Your headbutt misses the troll.
The troll is almost dead.
You slash the yak! You slash the crocodile! The crocodile bites you.
* * * LOW HITPOINT WARNING * * *
The troll bites you but does no damage. The troll claws you!
You die...

...PP.P....#
.P.P..P....#
.P.>P.PP...#
...P.......#
.....P....P#
...PPP.Y...#
.PP...TtY..#
..P...)@♣#.#
......†....#
......##.##########
.[...+............#
.....###.#......#+##
#### #.#.........#
#.#.........#
#.#.........#
#.#.........#


You could see 2 yaks, a troll and a crocodile.

Vanquished Creatures
  Harold (D:7)
  3 two-headed ogres
  Joseph (D:8)
  A hippogriff (D:8)
  The ghost of frogmoss10 the Insei, an amateur MfTm (D:4)
  7 yaks
  A hungry ghost (D:9)
  A steam dragon (D:8)
  Menkaure (D:4)
  2 water moccasins
  3 porcupines (D:10)
  5 ice beasts
  2 orc warriors
  A necrophage (D:8)
  5 ogres
  2 sky beasts
  The ghost of ezpacito the Skirmisher, an amateur DsFi (D:3)
  2 centaurs
  4 crocodiles
  5 big kobolds
  5 bullfrogs
  3 scorpions
  A water moccasin skeleton (D:4)
  3 wights (D:9)
  A howler monkey (D:6)
  3 crimson imps
  A quasit (D:8)
  A centaur zombie (D:9)
  4 orc priests
  3 orc wizards
  Crazy Yiuf (D:6)
  5 hounds
  A jelly (D:6)
  Jessica (D:2)
  Ijyb (D:3)
  2 iguanas
  2 worker ants
  4 hound zombies
  4 gnolls (D:3)
  10 adders
  A river rat (D:4)
  3 shadow imps
  An ooze (D:5)
  3 adder zombies
  2 adder skeletons
  A worm (D:4)
  A dart slug (D:2)
  4 leopard geckos
  19 orcs
  5 bats
  A bat skeleton (D:2)
  A bat zombie (D:2)
  8 giant cockroaches
  14 goblins
  9 hobgoblins
  15 jackals
  6 quokkas
  2 ball pythons (D:2)
  A ball python zombie (D:2)
  2 frilled lizards (D:2)
  2 giant cockroach zombies (D:2)
  26 kobolds
  A leopard gecko skeleton (D:4)
  9 rats
  3 fungi (D:6)
245 creatures vanquished.

Vanquished Creatures (others)
  An ice beast (D:8)
  A fungus (D:3)
  5 plants
7 creatures vanquished.

Grand Total: 252 creatures vanquished

Notes
Turn   | Place    | Note
-------+----------+-------------------------------------------
     0 | D:1      | r3xj the Minotaur Berserker began the quest for the Orb.
     0 | D:1      | Reached XP level 1. HP: 19/19 MP: 0/0
    67 | D:1      | Reached XP level 2. HP: 27/27 MP: 1/1
  1371 | D:1      | Reached XP level 3. HP: 33/33 MP: 2/2
  1745 | D:2      | Reached ** piety under Trog
  2021 | D:2      | Reached XP level 4. HP: 23/40 MP: 3/3
  2456 | D:2      | Noticed Jessica
  2460 | D:2      | Killed Jessica
  2485 | D:2      | Reached XP level 5. HP: 32/47 MP: 4/4
  2668 | D:3      | Identified the cursed +2 dagger "Qiocel" {venom, Str+3
                  | Dex+2}
  2669 | D:3      | Found a runed translucent gate.
  2669 | D:3      | Found a runed translucent gate.
  2669 | D:3      | Noticed ezpacito's ghost (amateur DsFi)
  2670 | D:3      | Found a runed translucent gate.
  2682 | D:3      | Noticed Ijyb
  2690 | D:3      | Killed Ijyb
  2690 | D:3      | Reached *** piety under Trog
  2690 | D:3      | Reached skill level 5 in Axes
  2948 | D:3      | Reached skill level 5 in Fighting
  2948 | D:3      | Reached XP level 6. HP: 48/56 MP: 5/5
  2950 | D:3      | Killed ezpacito's ghost
  2953 | D:3      | Reached skill level 5 in Armour
  3362 | D:3      | Reached XP level 7. HP: 60/62 MP: 6/6
  3640 | D:4      | Noticed Menkaure
  3644 | D:4      | Killed Menkaure
  3644 | D:4      | Reached skill level 1 in Shields
  3662 | D:4      | Reached skill level 5 in Dodging
  3973 | D:4      | Reached XP level 8. HP: 71/71 MP: 7/7
  4060 | D:4      | Reached **** piety under Trog
  4090 | D:4      | Found a runed translucent door.
  4091 | D:4      | Noticed frogmoss10's ghost (amateur MfTm)
  4119 | D:4      | Found a runed translucent door.
  4146 | D:4      | Killed frogmoss10's ghost
  4497 | D:5      | Entered Level 5 of the Dungeon
  5058 | D:6      | Found a glowing golden altar of the Shining One.
  5094 | D:6      | Found a staircase to the Ecumenical Temple.
  5291 | D:6      | Reached XP level 9. HP: 75/79 MP: 8/8
  5349 | D:6      | Found a stormy altar of Qazlal.
  5657 | D:6      | Found a runed translucent door.
  5658 | D:6      | Noticed Crazy Yiuf
  5666 | D:6      | Killed Crazy Yiuf
  5948 | D:7      | Noticed Harold
  5963 | D:7      | Killed Harold
  6091 | D:7      | Found Myist's Food Emporium.
  6293 | D:8      | Noticed a two-headed ogre
  6303 | D:8      | Killed a two-headed ogre
  6303 | D:8      | Reached XP level 10. HP: 70/91 MP: 9/9
  6575 | D:8      | Reached ***** piety under Trog
  6666 | D:8      | Found Uninnoaps's Book Emporium.
  7257 | D:8      | Noticed a two-headed ogre
  7257 | D:8      | Noticed Joseph
  7258 | D:8      | Paralysed by Joseph for 5 turns
  7268 | D:8      | Killed a two-headed ogre
  7268 | D:8      | Paralysed by Joseph for 2 turns
  7275 | D:8      | Killed Joseph
  7275 | D:8      | Reached skill level 10 in Fighting
  7275 | D:8      | Reached skill level 10 in Axes
  7726 | D:9      | Reached skill level 10 in Armour
  8087 | D:9      | Found an ornate altar of the Wu Jian Council.
  8107 | D:9      | Noticed a two-headed ogre
  8113 | D:9      | Killed a two-headed ogre
  8113 | D:9      | Reached XP level 11. HP: 100/100 MP: 10/10
  8337 | D:9      | Found a glowing silver altar of Zin.
  8339 | D:9      | Found a shadowy altar of Dithmenos.
  8563 | D:10     | Entered Level 10 of the Dungeon
  8581 | D:10     | Found the +2 shield of Resistance {rF+ rC+ MR+}
  8581 | D:10     | Found a runed translucent door.
  8581 | D:10     | Noticed an ice dragon
  8581 | D:10     | Noticed an ice dragon
  8581 | D:10     | Noticed a fire dragon
  8582 | D:10     | Noticed a fire dragon
  8592 | D:10     | Found a runed translucent door.
  8700 | D:10     | Found a staircase to the Lair.
  8716 | D:10     | HP: 6/150 [crocodile (2)]
  8716 | D:10     | Slain by a troll

Levels and vault maps discovered:
D:1:      onia_arrival_larder, layout_loops_ring
D:2:      layout_rooms, serial_undead, serial_undead_a, serial_undead_d,
          serial_undead_a, serial_undead_a, serial_undead_e, uniq_jessica
D:3:      layout_loops_ring, gammafunk_ghost_nasty_kobolds, uniq_ijyb
D:4:      kennysheep_the_goblin_king, layout_loops_ring, ebering_ghost_sewer_f,
          uniq_menkaure
D:5:      layout_loops_cross, first_ration
D:6:      layout_cave_pools, nicolae_tso_carved_into_rock,
          minmay_temple_entry_waves, nicolae_qazlal_eye_of_the_storm,
          uniq_crazy_yiuf_cottage
D:7:      layout_rooms, serial_shops, shop, uniq_harold
D:8:      cheibrodos_iron_armory, layout_rooms, serial_shops, kennysheep_mini,
          grunt_pizzeria, uniq_joseph
D:9:      layout_long_grid, minitemple, basic_altar
D:10:     layout_basic, minmay_lair_entry_grove, serial_shops, shop,
          minmay_guarded_unrand_resistance

Skill      XL: |  1  2  3  4  5  6  7  8  9 10 |
---------------+-------------------------------+-----
Axes           | 4 5 6 7 9 10 | 10.8
Fighting       | 4 5 6 7 9 10 | 10.7
Armour         | 3 4 5 7 8 10 | 10.4
Dodging        | 3 4 5 6 8 9 |  9.6
Shields        | 2 4 |  4.8

Action                   |  1- 3 |  4- 6 |  7- 9 | 10-12 || total
-------------------------+-------+-------+-------+-------++-------
Melee: Hand axe          |   106 |   105 |       |       ||   211
       Headbutt          |    11 |    12 |    54 |    43 ||   120
       War axe           |       |       |   257 |   157 ||   414
       Battleaxe         |       |       |       |    24 ||    24
Invok: Berserk           |     1 |     2 |     7 |     4 ||    14
  Use: Potion            |       |     1 |       |       ||     1
       Scroll            |       |       |       |     6 ||     6
 Stab: Sleeping          |     1 |       |       |       ||     1
  Eat: Chunk             |     5 |     4 |    10 |     5 ||    24
       Ration            |       |       |     2 |     3 ||     5
Armor: Animal skin       |    14 |    13 |       |       ||    27
       Ring mail         |       |     9 |       |       ||     9
       Plate armour      |       |       |   113 |   104 ||   217
Dodge: Dodged            |    65 |    74 |    79 |   110 ||   328
Block: Buckler           |       |       |    82 |    61 ||   143

Table legend:
 A = Non-vault XP
 B = Vault XP
 C = Vault XP percentage of total XP
 D = Non-vault monster count
 E = Vault monster count
 F = Vault count percentage of total count
                 A         B        C        D         E       F
            +---------+---------+-------+---------+---------+-------
      Total |    9197 |    3918 |  29.9 |     190 |      53 |  21.8
            +---------+---------+-------+---------+---------+-------
        D:1 |      44 |       7 |  13.7 |      24 |       5 |  17.2
        D:2 |      95 |      55 |  36.7 |      31 |       8 |  20.5
        D:3 |     106 |     464 |  81.4 |      10 |      13 |  56.5
        D:4 |     772 |     579 |  42.9 |      24 |      15 |  38.5
        D:5 |     197 |       0 |   0.0 |       7 |       0 |   0.0
        D:6 |     875 |      41 |   4.5 |      19 |       1 |   5.0
        D:7 |     740 |     981 |  57.0 |      12 |       1 |   7.7
        D:8 |    3072 |     532 |  14.8 |      27 |       2 |   6.9
        D:9 |    3009 |       0 |   0.0 |      29 |       0 |   0.0
       D:10 |     287 |    1259 |  81.4 |       7 |       8 |  53.3
            +---------+---------+-------+---------+---------+-------
